 Dungeon Crawl Stone Soup version 0.14-a0-2810-g474977d (webtiles) character file.

101 Quh the Skirmisher (level 4, 0/40 HPs)
             Began as a Hill Orc Fighter on Feb 25, 2014.
             Slain by Sigmund
             ... wielding a +0,+0 scythe
              (12 damage)
             ... on Level 2 of the Dungeon.
             The game lasted 00:11:08 (1272 turns).

Quh the Skirmisher (Hill Orc Fighter)               Turns: 1272, Time: 00:11:09

HP   0/40        AC  8     Str 19      XL: 4   Next: 12%
MP   4/4         EV  6     Int  8      God:
Gold 37          SH 19     Dex 10      Spells:  0 memorised,  3 levels left

rFire  . . .     SeeInvis .     a - +0 falchion
rCold  . . .     Clarity  .     i - +2 scale mail {rPois} (curse)
rNeg   . . .     Conserve .     c - +0 orc shield
rPois  +         rCorr    .     (no helmet)
rElec  .         rRot     .     (no cloak)
SustAb . .       Spirit   .     (no gloves)
rMut   .         Warding  .     (no boots)
Saprov + . .     Stasis   .     (no amulet)
MR     .....                    (no ring)
                                (no ring)

@: not resistant to hostile enchantments, extremely unstealthy
A: saprovore 1
a: no special abilities


You were on level 2 of the Dungeon.
You were hungry.

You visited 1 branch of the dungeon, and saw 2 of its levels.

You collected 37 gold pieces.

Inventory:

Hand weapons
 a - a +0,+0 falchion (weapon)
 l - a +1,+0 spear of venom
Missiles
 g - 27 darts (quivered)
 k - 3 poisoned darts
 s - 7 darts of dispersal
Armour
 b - a +0 orcish scale mail
 c - a +0 orcish shield (worn)
 i - a cursed +2 scale mail of poison resistance (worn)
Comestibles
 d - a meat ration
 f - a rotting chunk of quokka flesh
 h - 2 rotting chunks of hobgoblin flesh
 m - an apple
 n - a choko
 o - a bread ration
 p - 2 chunks of goblin flesh
Jewellery
 u - an uncursed ring of sustenance {unknown}
Potions
 e - a potion of flight {unknown}
 j - a potion of lignification {unknown}
 v - a potion of speed {unknown}
 w - a potion of paralysis {unknown}


   Skills:
 + Level 4.1 Fighting
 * Level 3.3 Long Blades
 + Level 1.4 Throwing
 + Level 3.6 Armour
 + Level 3.5 Shields


You had 3 spell levels left.
You didn't know any spells.

Dungeon Overview and Level Annotations

Branches:
Dungeon (2/16)

Altars:

Annotations:
D:2 Sigmund


Innate Abilities, Weirdness & Mutations

You can tolerate rotten meat.


Message History

You closely miss Sigmund.
Sigmund is heavily wounded.
You block the giant cockroach's attack. Sigmund closely misses you.
The giant cockroach bites you but does no damage.
You hit Sigmund.
Sigmund is severely wounded.
You block the giant cockroach's attack.
Your scale mail prevents you from hitting Sigmund.
Sigmund is severely wounded.
You block Sigmund's attack. You block the giant cockroach's attack.
You block the giant cockroach's attack.
You slash Sigmund!
Sigmund is almost dead.
Sigmund hits you with a scythe.
* * * LOW HITPOINT WARNING * * *
You block the giant cockroach's attack.
You hit Sigmund.
Sigmund is almost dead.
You block the giant cockroach's attack. Sigmund hits you with a scythe!
You die...

#.#
#.#####.##
#.#
#.......#
#.#
###########
####.# #...
##.##.#
########.##
#.....#
#........#
##.####
#........##
####.####
#........##
#..!@@..#
#........##
#.##s##.#
#.......###
# #..# #
#.......# #
##.#
#.......###
.#
####.....##
.. #....<[(
.##
#.....## .#
##...## .
##.##


You could see Sigmund and a giant cockroach.

Vanquished Creatures
  Ijyb (D:2)
  Terence (D:2)
  An adder (D:2)
  2 giant geckos
  A giant cockroach (D:2)
  2 goblins (D:1)
  3 hobgoblins (D:2)
  7 kobolds
  A quokka (D:2)
  2 bats
  A giant newt (D:1)
  5 rats
27 creatures vanquished.

Notes
Turn   | Place    | Note
--------------------------------------------------------------
     0 | D:1      | Quh, the Hill Orc Fighter, began the quest for the Orb.
     0 | D:1      | Reached XP level 1. HP: 19/19 MP: 1/1
   156 | D:1      | Reached XP level 2. HP: 20/27 MP: 2/2
   688 | D:2      | Noticed Terence
   709 | D:2      | Killed Terence
   709 | D:2      | Reached skill level 1 in Throwing
   709 | D:2      | Reached XP level 3. HP: 29/33 MP: 3/3
  1091 | D:2      | Noticed Ijyb
  1147 | D:2      | Killed Ijyb
  1147 | D:2      | Reached skill level 4 in Fighting
  1147 | D:2      | Reached XP level 4. HP: 21/40 MP: 4/4
  1253 | D:2      | Noticed Sigmund
  1272 | D:2      | Slain by Sigmund

Action                   |  1- 3 |  4- 6 || total
-------------------------+-------+-------++-------
Melee: Falchion          |   170 |    21 ||   191
Throw: Dart              |    12 |       ||    12
  Use: Scroll            |     9 |       ||     9
